 Dungeon Crawl Stone Soup version 0.23-a0-639-ga9a3373 (console) character file.

68 Duffy the Firebug (level 4, 30/30 HPs)
             Began as a Demonspawn Fire Elementalist on Dec 29, 2018.
             Quit the game on level 2 of the Dungeon.
             The game lasted 00:02:00 (1978 turns).

Duffy the Firebug (Demonspawn Fire Elementalist)    Turns: 1978, Time: 00:02:01

Health: 30/30      AC:  3    Str: 11    XL:     4   Next: 1%
Magic:  5/8        EV: 12    Int: 17    God:
Gold:   66         SH:  2    Dex: 16    Spells: 4/8 levels left

rFire    . . .     SeeInvis .   (no weapon)
rCold    . . .     Gourm    .   (no shield)
rNeg     . . .     Faith    .   a - +0 robe
rPois    .         Spirit   .   (no helmet)
rElec    .         Reflect  +   f - +0 cloak
rCorr    .         Harm     .   (no gloves)
MR       +....                  (no boots)
Stlth    ++++......             b - +2 amulet of reflection
HPRegen  0.10/turn              e - ring of protection from magic
MPRegen  0.11/turn              g - +3 ring of strength

@: no status effects
A: thin skeletal structure 1, nightstalker 2
a: no special abilities


You were on level 2 of the Dungeon.
You were not hungry.

You visited 1 branch of the dungeon, and saw 2 of its levels.

You collected 66 gold pieces.

Inventory:

Armour
 a - a +0 robe (worn)
 f - a +0 cloak (worn)
Jewellery
 b - a +2 amulet of reflection (around neck)
 e - a ring of protection from magic (left hand)
 g - a +3 ring of strength (right hand)
Scrolls
 h - a scroll of remove curse
 k - a scroll of teleportation
 l - a scroll of fog {unknown}
Potions
 d - a potion of flight
 i - 2 potions of heal wounds {unknown}
Comestibles
 c - 5 rations
 j - 3 chunks of flesh


   Skills:
 - Level 1.7 Dodging
 - Level 1.7 Stealth
 + Level 2.8 Spellcasting
 + Level 2.3 Conjurations
 + Level 3.3 Fire Magic


You had 4 spell levels left.
You knew the following spells:

 Your Spells              Type           Power        Failure   Level  Hunger
h - Flame Tongue          Conj/Fire      ##...        5%          1    #......
l - Conjure Flame         Conj/Fire      ##......     17%         3    ###....

Your spell library contained the following spells:

 Spells                   Type           Power        Failure   Level  Hunger
 Throw Flame              Conj/Fire      ##....       9%          2    ##.....
 Inner Flame              Hex/Fire       #.......     26%         3    ###....
 Sticky Flame             Conj/Fire      ##......     50%         4    #####..
 Fireball                 Conj/Fire      ##........   83%         5    ######.


Dungeon Overview and Level Annotations

Branches:
Dungeon (2/15)

Altars:
Uskayaw


Innate Abilities, Weirdness & Mutations

You have a somewhat thin skeletal structure. (Dex +2, Stealth)
You are significantly more attuned to the shadows.


Message History

An adder comes into view.
An adder is nearby!
Casting: Flame Tongue (safe; 6% risk of failure)
Confirm with . or Enter, or press ? or * to list all spells.
Aiming: Flame Tongue (safe; 6% risk of failure)
Press: ? - help, Shift-Dir - straight line, f - adder
Aim: an adder (resting)
The flame tongue hits the adder.
The adder is almost dead.
Casting: Flame Tongue (safe; 6% risk of failure)
Confirm with . or Enter, or press ? or * to list all spells.
Aiming: Flame Tongue (safe; 6% risk of failure)
Press: ? - help, Shift-Dir - straight line, f/p - adder
Aim: an adder (almost dead)
The flame tongue hits the adder.
You kill the adder!
You have reached level 4!
You feel agile.
Your demonic ancestry asserts itself...
Your bones become slightly less dense.
Are you sure you want to abandon this character and quit the game? (Confirm

#..............
#.############# #.#
#.#.#
#.#.#############
#.#.#.......##...
#.#.#.......##...
######.#.......(.##...
.....@................
######.###.......####.
#.# ######.### #. #.#
#...# #. #.#
###)#####. #.#
#......##. #......##.
######......##.
.#....#%.....###


There were no monsters in sight!

Vanquished Creatures
  Jessica (D:2)
  An adder (D:2)
  A dart slug (D:1)
  A leopard gecko (D:1)
  6 bats
  3 giant cockroaches
  2 goblins
  5 hobgoblins
  A jackal (D:2)
  2 kobolds (D:2)
  3 frilled lizards
  4 rats
30 creatures vanquished.

Notes
Turn   | Place    | Note
-------+----------+-------------------------------------------
     0 | D:1      | Duffy the Demonspawn Fire Elementalist began the quest for
                  | the Orb.
     0 | D:1      | Reached XP level 1. HP: 13/13 MP: 3/3
   363 | D:1      | Gained mutation: You are slightly more attuned to the
                  | shadows. [demonic ancestry]
   363 | D:1      | Reached XP level 2. HP: 19/19 MP: 0/5
  1110 | D:1      | Reached skill level 3 in Fire Magic
  1337 | D:2      | Noticed a +0 hand axe
  1337 | D:2      | Noticed a +0 dagger
  1452 | D:2      | Noticed Jessica
  1457 | D:2      | Killed Jessica
  1457 | D:2      | Gained mutation: You are significantly more attuned to the
                  | shadows. [demonic ancestry]
  1457 | D:2      | Reached XP level 3. HP: 24/24 MP: 3/6
  1498 | D:2      | Learned a level 3 spell: Conjure Flame
  1595 | D:2      | Found a hide-covered altar of Uskayaw.
  1977 | D:2      | Gained mutation: You have a somewhat thin skeletal
                  | structure. (Dex +2, Stealth) [demonic ancestry]
  1977 | D:2      | Reached XP level 4. HP: 30/30 MP: 5/8
  1978 | D:2      | Quit the game

Vault maps used:
D:1:      minmay_arrival_plants_in_alcoves
D:2:      tgw_fedhas, dancing_weapons_uskayaw, first_ration, minmay_domino_2,
          uniq_jessica, uniq_sigmund

Skill      XL: |  1  2 |
---------------+-------+-----
Fire Magic     | 3 |  3.3
Conjurations   | 2 |  2.3
Dodging        | |  1.7
Stealth        | |  1.7
Spellcasting   | |  2.8

Action                   |  1- 3 |  4- 6 || total
-------------------------+-------+-------++-------
Melee: Unarmed           |    39 |       ||    39
 Cast: Flame Tongue      |    49 |     1 ||    50
  Use: Scroll            |     5 |       ||     5
  Eat: Chunk             |     4 |       ||     4
Armor: Robe              |    28 |       ||    28
Dodge: Dodged            |    62 |       ||    62
Block: Other             |     5 |       ||     5

Table legend:
 A = Non-vault XP
 B = Vault XP
 C = Vault XP percentage of total XP
 D = Non-vault monster count
 E = Vault monster count
 F = Vault count percentage of total count
                 A         B        C        D         E       F
            +---------+---------+-------+---------+---------+-------
      Total |      57 |      41 |  41.8 |      27 |       3 |  10.0
            +---------+---------+-------+---------+---------+-------
        D:1 |      25 |       0 |   0.0 |      14 |       0 |   0.0
        D:2 |      32 |      41 |  56.2 |      13 |       3 |  18.8
            +---------+---------+-------+---------+---------+-------
